 Dungeon Crawl Stone Soup version 0.29.0-5-ge4962eb29e (webtiles) character file.

Game seed: 4877752920645586188

23452 RascalDebosk the Severer (level 12, -2/106 HPs)
             Began as a Minotaur Berserker on Aug 28, 2022.
             Was a High Priest of Trog.
             Killed from afar by Jorgrun (29 damage)
             ... with an iron shot
             ... on level 14 of the Dungeon on Aug 29, 2022.
             The game lasted 01:46:16 (12812 turns).

RascalDebosk the Severer (Minotaur Berserker)      Turns: 12812, Time: 01:46:16

Health: -2/106     AC: 22    Str: 26    XL:     12   Next: 72%
Magic:  11/11      EV:  6    Int:  4    God:    Trog [*****.]
Gold:   983        SH: 13    Dex: 11    Spells: 11/11 levels left

rFire   + + .      SeeInvis .   s - +3 war axe (spect)
rCold   + . .      Faith    .   E - +2 tower shield
rNeg    . . .      Spirit   .   i - +0 plate armour
rPois   .          Reflect  .   (helmet restricted)
rElec   .          Harm     .   t - +1 cloak
rCorr   .          Rampage  .   g - +1 pair of gloves
Will    .....                   A - +2 pair of boots {Fly}
Stlth   ..........              n - amulet of the acrobat
HPRegen 0.27/turn               o - ring of protection from cold
MPRegen 0.12/turn               q - ring "Viosegg" {Fly rF++}

@: silenced (expiring), weakened, on berserk cooldown, flying, slowed, very slow
A: horns 2, retaliatory headbutt
a: Renounce Religion


You were on level 14 of the Dungeon.
You worshipped Trog.
Trog was extremely pleased with you.
You visited 2 branches of the dungeon, and saw 15 of its levels.
You also visited: Sewer and Ossuary.

You collected 1817 gold pieces.
You spent 834 gold pieces at shops.

Inventory:

Hand Weapons
 s - a +3 spectral war axe (weapon)
 u - a +3 vampiric war axe
 O - the +7 morningstar of Butucyle {venom, rN+}
   (You found it on level 9 of the Dungeon)

   It poisons the flesh of those it strikes.
   rN:        It protects you from negative energy.
 U - a +2 halberd
Missiles
 e - 121 stones
 j - 3 atropa-tipped darts (quivered)
 k - 23 poisoned darts
 r - 3 boomerangs
 I - a curare-tipped dart
 W - 5 javelins
Armour
 g - a +1 pair of gloves (worn)
 i - a +0 plate armour (worn)
 t - a +1 cloak (worn)
 A - a +2 pair of boots of flying (worn)
 E - a +2 tower shield (worn)
 T - an orb of light
Jewellery
 a - an amulet of guardian spirit
 n - an amulet of the acrobat (around neck)
 o - a ring of protection from cold (left hand)
 q - the ring "Viosegg" (right hand) {Fly rF++}
   (You bought it in a shop on level 5 of the Dungeon)

   [ring of flight]

   rF:        It greatly protects you from fire.
   Fly:       It grants you flight.
Wands
 p - a wand of polymorph (18)
 y - a wand of flame (20)
 G - a wand of paralysis (6)
 J - a wand of acid (10)
 P - a wand of digging (5)
 V - a wand of roots (12)
Scrolls
 d - 2 scrolls of blinking
 x - 6 scrolls of teleportation
 D - 2 scrolls of immolation
 F - 3 scrolls of fear
 H - a scroll of butterflies
 X - a scroll of summoning
Potions
 b - 2 potions of berserk rage
 f - 8 potions of curing
 h - 3 potions of heal wounds
 l - 6 potions of flight
 m - a potion of magic
 v - 2 potions of invisibility
 w - 5 potions of lignification
 C - 3 potions of might
 K - a potion of resistance
 L - a potion of mutation
 N - 4 potions of haste
 Y - 2 potions of ambrosia
Miscellaneous
 M - a condenser vane
 S - a condenser vane


   Skills:
 + Level 10.3 Fighting
 - Level 16.0 Axes
 + Level 7.8 Throwing
 + Level 10.0 Armour
 + Level 9.0 Dodging
 + Level 2.1 Shields
 + Level 5.5 Evocations


You had 11 spell levels left.
You didn't know any spells.
Your spell library was empty.

Dungeon Overview and Level Annotations

Branches:
Dungeon (14/15)            Temple (1/1) D:5            Lair (0/5) D:10
    Orc (0/2) D:12         Vaults (0/5) D:13          Sewer (visited)
Ossuary (visited)

Altars:
Ashenzari
Cheibriados
Dithmenos
Elyvilon
Fedhas
Gozag
Hepliaklqana
Kikubaaqudgha
Makhleb
Nemelex Xobeh
Okawaru
Qazlal
Ru
Sif Muna
Trog
Uskayaw
Vehumet
Wu Jian
Xom
Yredelemnul
Zin
The Shining One

Shops:
D:5 =   D:6 *

Portals:
Trove: D:11 (give +4 ice dragon scales)

Annotations:
D:14 Jorgrun


Innate Abilities, Weirdness & Mutations

You have a pair of horns on your head.
You reflexively headbutt those who attack you in melee.


Message History

You block Jorgrun's attack.
You block the kobold demonologist's attack.
The kobold demonologist hits you but does no damage.
Jorgrun barely misses you.
You hit the kobold demonologist but do no damage.
You headbutt the kobold demonologist, but do no damage.
The kobold demonologist is moderately wounded.
You hit Jorgrun.
Your +3 spectral war axe hits Jorgrun.
Jorgrun closely misses your +3 spectral war axe.
The kobold demonologist hits you but does no damage.
Unknown command.
You closely miss the kobold demonologist.
The kobold demonologist is moderately wounded.
You slash Jorgrun!
Your +3 spectral war axe hits Jorgrun!
The kobold demonologist hits you but does no damage.
Jorgrun hits you but does no damage. You block Jorgrun's attack.
The kobold demonologist hits you but does no damage.
You hit the kobold demonologist.
Your headbutt misses the kobold demonologist.
The kobold demonologist is heavily wounded.
You completely miss Jorgrun.
Your +3 spectral war axe hits Jorgrun!
Your +3 spectral war axe fades away.
The kobold demonologist barely misses you.
You block Jorgrun's attack.
The kobold demonologist hits you but does no damage.
You block Jorgrun's attack.
You barely miss the kobold demonologist.
The kobold demonologist is heavily wounded.
You barely miss Jorgrun.
Your +3 spectral war axe hits Jorgrun!
You block the kobold demonologist's attack.
Jorgrun completely misses your +3 spectral war axe.
You closely miss the kobold demonologist.
The kobold demonologist is heavily wounded.
You hit Jorgrun.
Your +3 spectral war axe hits Jorgrun!
Jorgrun hits you with a +0 vorpal quarterstaff.
* * * LOW HITPOINT WARNING * * *
x2 The kobold demonologist hits you but does no damage. x2
Jorgrun casts a spell at you. The iron shot hits you!!
You die...

##.. ### ###P.. ..#
#. #..♣.# # #.#
#.###.#.##.
#.#####.##.....~ ..
##.......##.~..##~..
#
##.........#Kg(...#
#.##.#..#####.#.@).♣
#.#<###.## #....#..#
#..## ##.# #.)..#
..♣
#.#.###.####..#..#
#..
#.##.#..###.).#..#
..
#.............#....
#
#####..####.........
...##..# #.......~.#
##.#.#.##
#.######...♣


You could see Jorgrun, a kobold demonologist and a friendly +3 spectral war axe
(summoned).

Vanquished Creatures
  Frances (D:14)
  Snorg (D:12)
  3 vault guards (D:13)
  A boulder beetle (D:13)
  A two-headed ogre (D:8)
  A two-headed ogre (shapeshifter) (D:11)
  Urug (D:13)
  Amaemon (D:8)
  Pikel (D:4)
  A necromancer (D:13)
  2 ugly things (D:12)
  5 cyclopes
  2 manticores
  Maurice (D:13)
  An orange demon (D:8)
  A gargoyle (D:10)
  Psyche (D:11)
  A komodo dragon (D:10)
  An unseen horror (D:13)
  2 kobold demonologists (D:14)
  A polar bear (shapeshifter) (D:13)
  2 trolls
  Sigmund (D:3)
  A wraith (D:13)
  2 shadows
  13 yaks
  Grum (D:9)
  8 humans (D:13)
  4 fire bats (D:9)
  Menkaure (D:6)
  An acid dragon (D:12)
  Edmund (D:6)
  8 orc warriors
  3 water moccasins
  A hell hound (D:9)
  4 ice beasts
  4 wolves (D:9)
  4 centaurs
  A phantom (D:4)
  A lemure (D:4)
  3 bullfrogs
  2 kobold brigands
  5 scorpions
  A water moccasin zombie (Ossuary)
  9 wights
  7 killer bees (D:9)
  9 howler monkeys
  2 lava snakes (D:9)
  3 hounds (D:6)
  2 jellies
  5 orc priests
  Crazy Yiuf (D:3)
  A gnoll bouda (D:5)
  Terence (D:3)
  An iguana (D:5)
  15 orc wizards
  5 polar bear simulacra (D:13)
  3 wolf simulacra (D:13)
  2 mummies (Ossuary)
  15 adders
  8 gnolls
  An ufetubus (D:4)
  5 adder zombies (Ossuary)
  2 worms
  2 dart slugs
  44 orcs
  7 ball pythons
  5 bats
  15 endoplasms
  12 giant cockroaches
  3 gnoll zombies (Ossuary)
  6 goblins
  7 hobgoblins
  11 quokkas
  4 frilled lizards
  6 hobgoblin zombies (Ossuary)
  14 kobolds
  3 kobold zombies (Ossuary)
  6 orc zombies (Ossuary)
  7 rats
  3 river rat simulacra (D:13)
  A fire vortex (D:9)
355 creatures vanquished.

Vanquished Creatures (others)
  A deep elf pyromancer (D:13)
  A human (D:13)
  A demonic plant (D:14)
  2 fire vortices (D:9)
  4 fungi (D:3)
  6 plants (D:10)
15 creatures vanquished.

Grand Total: 370 creatures vanquished

Notes
Turn   | Place    | Note
-------+----------+-------------------------------------------
     0 | D:1      | RascalDebosk the Minotaur Berserker began the quest for the
                  | Orb.
     0 | D:1      | Reached XP level 1. HP: 19/19 MP: 0/0
   405 | D:1      | Reached XP level 2. HP: 26/27 MP: 1/1
   733 | D:1      | Reached skill level 1 in Throwing
   951 | D:1      | Found a faded altar of an unknown god.
   955 | D:1      | Reached skill level 4 in Axes
   955 | D:1      | Reached XP level 3. HP: 30/33 MP: 2/2
  1050 | D:2      | Reached ** piety under Trog
  1356 | D:2      | Reached XP level 4. HP: 40/40 MP: 3/3
  1751 | D:3      | Noticed a scorpion
  1757 | D:3      | Killed a scorpion
  1758 | D:3      | Reached XP level 5. HP: 40/47 MP: 4/4
  2110 | D:3      | Noticed Sigmund
  2123 | D:3      | Killed Sigmund
  2124 | D:3      | Reached skill level 5 in Fighting
  2124 | D:3      | Reached XP level 6. HP: 56/56 MP: 5/5
  2134 | D:3      | Noticed Terence
  2143 | D:3      | Killed Terence
  2144 | D:3      | Reached skill level 5 in Axes
  2424 | D:3      | Found a runed translucent door.
  2425 | D:3      | Noticed Crazy Yiuf
  2432 | D:3      | Killed Crazy Yiuf
  2489 | D:4      | Found a glowing drain.
  2527 | Sewer    | Entered a sewer
  2699 | Sewer    | Reached skill level 6 in Axes
  2699 | Sewer    | Reached *** piety under Trog
  2725 | Sewer    | Reached XP level 7. HP: 39/61 MP: 6/6
  2853 | D:4      | Noticed Pikel
  2863 | D:4      | Killed Pikel
  2864 | D:4      | Reached skill level 9 in Axes
  2948 | D:4      | Reached XP level 8. HP: 63/68 MP: 7/7
  3591 | D:5      | Entered Level 5 of the Dungeon
  3689 | D:5      | Found Wuumitat's One-of-a-Kind Rings.
  3702 | D:5      | Reached skill level 10 in Axes
  3739 | D:5      | Bought a +3 ring of strength for 120 gold pieces
  3855 | D:5      | Found a staircase to the Ecumenical Temple.
  3868 | Temple   | Entered the Ecumenical Temple
  4046 | D:5      | Reached skill level 11 in Axes
  4572 | D:6      | Reached **** piety under Trog
  4579 | D:6      | Reached skill level 12 in Axes
  4593 | D:6      | Found Unue's General Store.
  4732 | D:6      | Bought a scroll of teleportation for 36 gold pieces
  4732 | D:6      | Bought a potion of might for 48 gold pieces
  4732 | D:6      | Bought 5 stones for 6 gold pieces
  4732 | D:6      | Bought a scroll of teleportation for 36 gold pieces
  4732 | D:6      | Bought a scroll of teleportation for 36 gold pieces
  4732 | D:6      | Bought a scroll of immolation for 48 gold pieces
  4777 | D:6      | Noticed Edmund
  4785 | D:6      | Killed Edmund
  4786 | D:6      | Reached XP level 9. HP: 74/74 MP: 8/8
  4861 | D:6      | Noticed Menkaure
  4873 | D:6      | Killed Menkaure
  5079 | D:6      | Found a hazy altar of Hepliaklqana.
  5119 | D:6      | Reached skill level 13 in Axes
  5154 | D:6      | Found an ancient bone altar of Kikubaaqudgha.
  5252 | D:6      | Found a white marble altar of Elyvilon.
  6231 | D:7      | Reached skill level 14 in Axes
  6761 | D:8      | Noticed a two-headed ogre
  6771 | D:8      | Killed a two-headed ogre
  6772 | D:8      | Reached skill level 5 in Armour
  6810 | D:8      | Noticed Amaemon
  6812 | D:8      | Noticed an orange demon
  6826 | D:8      | Killed Amaemon
  6827 | D:8      | Reached skill level 5 in Dodging
  6827 | D:8      | Reached XP level 10. HP: 84/84 MP: 9/9
  6831 | D:8      | Killed an orange demon
  6844 | D:8      | Found an iron altar of Okawaru.
  6847 | D:8      | Found a sand-covered staircase.
  6859 | Ossuary  | Entered an ossuary
  6979 | Ossuary  | Reached ***** piety under Trog
  7099 | D:8      | Found a sparkling altar of Nemelex Xobeh.
  7793 | D:9      | Reached skill level 1 in Evocations
  7972 | D:9      | Reached skill level 5 in Throwing
  7993 | D:9      | Identified the +7 morningstar of Butucyle {venom, rN+}
  8209 | D:9      | Noticed Grum
  8216 | D:9      | Killed Grum
  8500 | D:10     | Entered Level 10 of the Dungeon
  8520 | D:10     | Found a glowing golden altar of the Shining One.
  8545 | D:10     | Noticed a gargoyle
  8554 | D:10     | Killed a gargoyle
  8618 | D:10     | Reached XP level 11. HP: 74/94 MP: 10/10
  8880 | D:10     | Reached skill level 15 in Axes
  9192 | D:10     | Found a staircase to the Lair.
  9549 | D:11     | Identified a scroll of acquirement
  9550 | D:11     | Acquired 953 gold pieces
  9813 | D:5      | Bought the ring "Viosegg" {Fly rF++} for 504 gold pieces
  9975 | D:11     | Noticed Psyche
  9979 | D:11     | Killed Psyche
 10109 | D:11     | Found a snail-covered altar of Cheibriados.
 10171 | D:11     | Noticed a two-headed ogre
 10177 | D:11     | Killed a two-headed ogre
 10274 | D:11     | Found a portal to a secret trove of treasure.
 10780 | D:11     | You are sucked into a shaft and drop 1 floor!
 10789 | D:12     | Noticed Snorg
 10801 | D:12     | Killed Snorg
 10811 | D:12     | Noticed a white ugly thing
 10821 | D:12     | Killed a white ugly thing
 10975 | D:12     | Noticed a purple ugly thing
 10983 | D:12     | Killed a purple ugly thing
 11391 | D:12     | Reached XP level 12. HP: 104/104 MP: 11/11
 11454 | D:12     | Found a staircase to the Orcish Mines.
 11725 | D:13     | Noticed a boulder beetle
 11732 | D:13     | Killed a boulder beetle
 11957 | D:13     | Noticed Maurice
 11966 | D:13     | Killed Maurice
 11966 | D:13     | Received a gift from Trog
 12041 | D:13     | Noticed Urug
 12051 | D:13     | Killed Urug
 12183 | D:13     | Noticed a vault guard
 12185 | D:13     | Noticed a vault guard
 12186 | D:13     | Noticed a vault guard
 12202 | D:13     | Reached skill level 5 in Evocations
 12202 | D:13     | Killed a vault guard
 12204 | D:13     | Killed a vault guard
 12208 | D:13     | Killed a vault guard
 12209 | D:13     | Reached skill level 10 in Fighting
 12409 | D:13     | Found a gate to the Vaults.
 12419 | D:13     | Identified the +3 great mace "Orb Guardian's Foe" {venom,
                  | rPois}
 12474 | D:13     | Reached skill level 16 in Axes
 12654 | D:13     | Reached skill level 1 in Shields
 12778 | D:14     | Noticed Frances
 12787 | D:14     | Killed Frances
 12788 | D:14     | Reached skill level 10 in Armour
 12794 | D:14     | Noticed Jorgrun
 12812 | D:14     | Killed from afar by Jorgrun

Illustrated notes

Levels and vault maps discovered:
D:1:      dreamdust_arrival_beginning_and_end, layout_loops_ring,
          hellmonk_ecumenical_altar_prayer_group
D:2:      layout_rooms, serial_glass, glass_columns_a, glass_columns_a
D:3:      layout_loops_cross, uniq_terence, uniq_sigmund,
          uniq_crazy_yiuf_cottage
D:4:      layout_loops_cross, gup_sewer_entry_glass, nicolae_titane, uniq_pikel
D:5:      layout_basic, minmay_temple_entry_ruins, nicolae_shop_unique_rings,
          minmay_misc_feat_doors, minmay_misc_feat_tiny
D:6:      layout_cave_pools, kiku_gazebo_pond_becter, elyvilon_altar_4,
          mainiacjoe_overflow_brackets, serial_shops, nicolae_diamond_shop,
          kennysheep_generic_room_10, uniq_edmund, uniq_menkaure
D:7:      kennysheep_seaside_town, layout_layer_cave
D:8:      nicolae_cairo_tiling_large_dashed, layout_basic,
          okawaru_ov_weapons_minmay, mainiacjoe_overflow_paths,
          nicolae_ossuary_entry_ruins, uniq_amaemon
D:9:      layout_basic, chequers_serial_rivers_room_b, reono_crystal_passage,
          hangedman_incinerator, uniq_grum
D:10:     layout_irregular_city, old_standard_altar, david_lair_shrubbed
D:11:     layout_stronghold, nicolae_trove_entry_diagonal,
          cheibrodos_worm_habitat, uniq_psyche
D:12:     layout_gridville, david_orc_4, uniq_snorg
D:13:     layout_roguey, ximxim_vaults_locker_room, eino_house_with_fridge,
          uniq_urug, uniq_maurice
D:14:     kennysheep_kobold_lugonu_temple, layout_loops_ring,
          infiniplex_staircase_hallway_doors, uniq_frances, uniq_jorgrun
Temple:   nicolae_temple_elliptical

Skill      XL: |  1  2  3  4  5  6  7  8  9 10 11 12 |
---------------+-------------------------------------+-----
Throwing       | 1 2 4 5 6 7 |  7.8
Axes           | 4 6 9 12 14 15 16 | 16.0
Fighting       | 4 5 6 7 9 10 | 10.3
Armour         | 3 4 5 7 8 10 | 10.0
Dodging        | 3 5 6 8 9 |  9.0
Evocations     | 2 4 5 |  5.5
Shields        | 2 |  2.1

Action                   |  1- 3 |  4- 6 |  7- 9 | 10-12 || total
-------------------------+-------+-------+-------+-------++-------
Melee: Hand axe          |    61 |    34 |   155 |       ||   250
       Headbutt          |     8 |    16 |    35 |   104 ||   163
       Halberd           |       |   103 |    67 |       ||   170
       Punch             |       |       |     2 |     4 ||     6
       War axe           |       |       |    29 |   425 ||   454
Throw: Stone             |    17 |     7 |     9 |       ||    33
       Dart              |       |       |     5 |     9 ||    14
Invok: Berserk           |       |     2 |     4 |     9 ||    15
       Trog's Hand       |       |     2 |     1 |     2 ||     5
Evoke: Wand              |       |       |       |     1 ||     1
  Use: Scroll            |       |     7 |     9 |    17 ||    33
       Potion            |       |       |       |     1 ||     1
 Stab: Invisible         |       |       |       |     2 ||     2
       Distracted        |       |       |       |     3 ||     3
Armor: Animal skin       |     1 |       |       |       ||     1
       Leather armour    |     6 |       |       |       ||     6
       Plate armour      |     8 |    93 |   143 |   270 ||   514
Dodge: Dodged            |    36 |    57 |    71 |   163 ||   327
       Repelled          |       |     1 |       |       ||     1
Block: Tower shield      |       |       |       |    45 ||    45
